 Dungeon Crawl Stone Soup version 0.24-a0-251-g44e327e (webtiles) character file.

Game seed: 12569669348938518507

1782 Borgoz the Slicer (level 9, -7/82 HPs)
             Began as a Kobold Gladiator on Apr 16, 2019.
             Mangled by an orc warrior
             ... wielding a +0 short sword
              (20 damage)
             ... on level 6 of the Dungeon on Apr 17, 2019.
             The game lasted 00:10:58 (6783 turns).

Borgoz the Slicer (Kobold Gladiator)                Turns: 6783, Time: 00:10:59

Health: -7/82      AC:  2    Str: 19    XL:     9   Next: 29%
Magic:  9/9        EV: 18    Int: 10    God:
Gold:   327        SH:  0    Dex: 16    Spells: 8/8 levels left

rFire    . . .     SeeInvis .   a - +1 rapier
rCold    . . .     Gourm    .   (shield restricted)
rNeg     . . .     Faith    .   b - +0 leather armour
rPois    .         Spirit   .   c - +1 helmet
rElec    .         Reflect  .   (no cloak)
rCorr    .         Harm     .   p - +0 pair of gloves
MR       .....                  (no boots)
Stlth    ..........             (no amulet)
HPRegen  0.23/turn              g - ring of attention
MPRegen  0.11/turn              x - +4 ring of slaying

@: berserking, corroded, very quick
A: small, carnivore
a: no special abilities


You were on level 6 of the Dungeon.
You were full.

You visited 2 branches of the dungeon, and saw 7 of its levels.
You also visited: Sewer.

You collected 327 gold pieces.

Inventory:

Hand Weapons
 a - a +1 rapier (weapon)
Missiles
 d - 2 throwing nets (quivered)
Armour
 b - a +0 leather armour (worn)
 c - a +1 helmet (worn)
 p - a +0 pair of gloves (worn)
Jewellery
 g - a ring of attention (left hand)
 x - a +4 ring of slaying (right hand)
 z - a +2 ring of protection
Wands
 y - a wand of flame (37)
Scrolls
 e - 7 scrolls of teleportation
 h - a scroll of fear
 o - 2 scrolls of amnesia
 q - 2 scrolls of remove curse
 u - a scroll of enchant armour
Potions
 j - 5 potions of curing
 k - 3 potions of haste
 l - 7 potions of heal wounds
 m - 3 potions of flight
 n - a potion of ambrosia {unknown}
 r - a potion of invisibility {unknown}
 s - 3 potions of brilliance {unknown}
 t - a potion of resistance {unknown}
 w - a potion of agility {unknown}
 B - a potion of mutation
Comestibles
 f - 8 rations
 A - 8 chunks of flesh


   Skills:
 + Level 5.9 Fighting
 + Level 11.1 Short Blades
 + Level 2.5 Throwing
 + Level 2.7 Armour
 + Level 6.4 Dodging
 + Level 2.4 Stealth


You had 8 spell levels left.
You didn't know any spells.
Your spell library contained the following spells:

 Spells                   Type           Power        Failure   Level  Hunger
 Magic Dart               Conj           #...         41%         1    ##.....
 Blink                    Tloc           N/A          56%         2    ###....
 Call Imp                 Summ           #.......     56%         2    ###....
 Searing Ray              Conj           #.....       56%         2    ###....
 Slow                     Hex            #.......     56%         2    ###....
 Conjure Flame            Conj/Fire      #.......     80%         3    ####...
 Dazzling Spray           Conj/Hex       #.....       80%         3    ####...
 Mephitic Cloud           Conj/Pois/Air  #.......     80%         3    ####...
 Force Lance              Conj/Tloc      #.......     99%         4    #####..
 Fulminant Prism          Conj/Hex       #.........   99%         4    #####..
 Iskenderun's Mystic Bla  Conj           #.......     99%         4    #####..


Dungeon Overview and Level Annotations

Branches:
Dungeon (6/15)             Temple (1/1) D:5

Altars:
Cheibriados
Dithmenos
Elyvilon
Fedhas
Hepliaklqana
Kikubaaqudgha
Makhleb
Nemelex Xobeh
Ru
Sif Muna
Vehumet
Xom
Yredelemnul
Zin
The Shining One

Shops:
D:4 =


Innate Abilities, Weirdness & Mutations

You are small and have problems with some larger weapons.
You are carnivorous and can eat meat at any time.


Message History

The orc warrior is heavily wounded.
You puncture the orc warrior!
The orc warrior is severely wounded.
The orc hits you with a +0 hand axe.
* * * LOW HITPOINT WARNING * * *
You impale the orc!!
You kill the orc!
The orc closely misses you.
The orc warrior hits you but does no damage.
The jelly hits you.
* * * LOW HITPOINT WARNING * * *
You are splashed with acid!
* * * LOW HITPOINT WARNING * * *
You puncture the jelly! The acid corrodes you!
Your hands burn!
* * * LOW HITPOINT WARNING * * *
The jelly is almost dead.
You puncture the jelly!
You kill the jelly!
The orc warrior hits you with a +0 short sword!!
You die...

.. .. ............ ... .
... .....#..... ... #
...##...##....# ..... ##
........##...##......##.
........#.....##........
......_....(............
.......o.......#.......#
.. #@)##..<# .......#
#..###.o.#...##.##....#
##...........#.##.....
#......###.#.#........
#..###......#.>..#...(.
###...........##.#.....
###........###.......
#.##.##..##........ ##
####.).....รท...%


You could see an orc warrior and an orc.

Vanquished Creatures
  An ice beast (D:5)
  A necrophage (D:6)
  2 ogres (D:5)
  2 phantoms
  3 centaurs
  3 big kobolds (Sewer)
  A bullfrog (D:6)
  2 crimson imps
  2 orc priests
  A hound (D:5)
  A jelly (D:6)
  2 orc wizards (D:4)
  A centaur skeleton (D:3)
  Jessica (D:3)
  7 worker ants
  2 hound skeletons
  13 adders
  3 river rats (Sewer)
  An ooze (D:2)
  An adder skeleton (D:5)
  5 worms (D:2)
  4 dart slugs
  2 leopard geckos
  14 orcs
  12 bats
  5 giant cockroaches
  7 goblins
  10 hobgoblins
  6 jackals
  3 quokkas
  4 ball pythons (Sewer)
  4 frilled lizards
  A giant cockroach zombie (D:5)
  22 kobolds
  27 rats
176 creatures vanquished.

Notes
Turn   | Place    | Note
-------+----------+-------------------------------------------
     0 | D:1      | Borgoz the Kobold Gladiator began the quest for the Orb.
     0 | D:1      | Reached XP level 1. HP: 12/12 MP: 1/1
    35 | D:1      | Reached XP level 2. HP: 13/17 MP: 2/2
   367 | D:1      | Reached XP level 3. HP: 17/21 MP: 3/3
   611 | D:1      | Reached skill level 5 in Short Blades
  1111 | D:2      | Reached XP level 4. HP: 23/27 MP: 4/4
  1366 | D:2      | Found a shadowy altar of Dithmenos.
  1437 | D:2      | Reached XP level 5. HP: 14/31 MP: 5/5
  1779 | D:2      | Found a blossoming altar of Fedhas.
  1884 | D:2      | Reached skill level 6 in Short Blades
  2363 | D:3      | Noticed Jessica
  2374 | D:3      | Killed Jessica
  2374 | D:3      | Reached XP level 6. HP: 21/37 MP: 6/6
  2704 | D:3      | Reached skill level 1 in Stealth
  2839 | D:4      | Found a glowing drain.
  2894 | D:4      | Reached skill level 7 in Short Blades
  3106 | Sewer    | Entered a sewer
  3198 | Sewer    | Reached skill level 1 in Armour
  3733 | Sewer    | Reached XP level 7. HP: 27/42 MP: 7/7
  3861 | Sewer    | Reached skill level 5 in Dodging
  3869 | Sewer    | Reached skill level 8 in Short Blades
  4286 | D:4      | Found Sysitt's Jewellery Emporium.
  4462 | D:4      | Reached XP level 8. HP: 22/48 MP: 8/8
  5029 | D:4      | Found a radiant altar of Vehumet.
  5278 | D:5      | Entered Level 5 of the Dungeon
  5377 | D:5      | Reached skill level 9 in Short Blades
  5448 | D:5      | Reached skill level 5 in Fighting
  5901 | D:5      | Found a staircase to the Ecumenical Temple.
  5936 | Temple   | Entered the Ecumenical Temple
  6203 | D:5      | Reached skill level 10 in Short Blades
  6541 | D:6      | Found a glowing golden altar of the Shining One.
  6622 | D:6      | Reached XP level 9. HP: 40/54 MP: 9/9
  6639 | D:6      | Found a burning altar of Makhleb.
  6763 | D:6      | Reached skill level 11 in Short Blades
  6783 | D:6      | Mangled by an orc warrior

Levels and vault maps discovered:
D:1:      roderic_chinese_lattice_arrival, layout_basic
D:2:      minmay_evil_eye, layout_basic, nicolae_dithmenos_shadow_blocks,
          fedhas_altar_2, minmay_misc_feat_roman, minmay_misc_feat_secret_circle
D:3:      layout_basic, uniq_jessica
D:4:      layout_basic, gup_sewer_entry_glass, first_ration, serial_shops,
          nicolae_shop_behind_doors, serial_bayou_pond_a, vehumet_altar_wand_db
D:5:      layout_basic, minmay_temple_entry_drinking_statues
D:6:      kennysheep_kobold_camp, layout_cave_pools,
          makhleb_blood_cavern_becter, overflow_temple_1_default,
          nicolae_ossuary_entry_giza, uniq_sigmund, uniq_duvessa
Temple:   minmay_temple_curvy_loop
Sewer:    sewer_minmay_treatment

Skill      XL: |  1  2  3  4  5  6  7  8  9 |
---------------+----------------------------+-----
Dodging        | 4 5 6 |  6.4
Short Blades   | 5 6 7 8 10 11 | 11.1
Fighting       | 3 4 5 |  5.9
Stealth        | 1 2 |  2.4
Armour         | 1 2 |  2.7
Throwing       | |  2.5

Action                   |  1- 3 |  4- 6 |  7- 9 || total
-------------------------+-------+-------+-------++-------
Melee: Rapier            |   126 |   297 |   328 ||   751
Throw: Throwing net      |       |     1 |     3 ||     4
  Use: Scroll            |       |     4 |     8 ||    12
       Potion            |       |     1 |     5 ||     6
 Stab: Distracted        |     1 |       |       ||     1
       Sleeping          |       |     5 |       ||     5
  Eat: Chunk             |     8 |     9 |     7 ||    24
Armor: Leather armour    |    34 |    70 |    41 ||   145
Dodge: Dodged            |   114 |   309 |   220 ||   643

Table legend:
 A = Non-vault XP
 B = Vault XP
 C = Vault XP percentage of total XP
 D = Non-vault monster count
 E = Vault monster count
 F = Vault count percentage of total count
                 A         B        C        D         E       F
            +---------+---------+-------+---------+---------+-------
      Total |    1899 |     647 |  25.4 |     116 |      60 |  34.1
            +---------+---------+-------+---------+---------+-------
        D:1 |      57 |       0 |   0.0 |      30 |       0 |   0.0
        D:2 |      95 |      12 |  11.2 |      26 |       4 |  13.3
        D:3 |      74 |      37 |  33.3 |      17 |       1 |   5.6
        D:4 |     454 |      32 |   6.6 |      21 |       5 |  19.2
        D:5 |     634 |       0 |   0.0 |      12 |       0 |   0.0
        D:6 |     585 |     138 |  19.1 |      10 |       2 |  16.7
      Sewer |       0 |     428 | 100.0 |       0 |      48 | 100.0
            +---------+---------+-------+---------+---------+-------
